Map: Sequencer LE

Players

souL

  • Race: Terran Terran
  • Spawn Location: 1:00

SortOf - Winner!

  • Race: Zerg Zerg
  • Spawn Location: 7:00

Event: WCS Valencia 2017

VOD

Have the link to the VOD?

Description

Time

  • Played on: July 13, 2017, 10:54 a.m.
  • Length: 18:03

All games in this series

Show
View Real Time Build Order
Export as new Build Order

souL Terran 

Build Orders: MMM Bio 

Get SALT Encoding   

  12  0:00  SCV  
  13  0:12  SCV  
  14  0:19  Supply Depot  
  14  0:25  SCV  
  15  0:41  SCV  
  16  0:47  Barracks  
  16  0:57  Barracks  
  16  0:59  SCV  
  17  1:11  SCV  
  18  1:23  SCV  
  19  1:26  Refinery  
  19  1:35  Marine, Orbital Command  
  20  1:43  Bunker, Supply Depot  
  20  1:45  Marine  
  21  1:53  Marine  
  22  2:02  Marine  
  23  2:10  Marine  
  23  2:20  Marine  
  23  2:28  Marine  
  23  2:31  SCV  
  23  2:38  Marine  
  23  2:43  SCV  
  25  2:46  Marine  
  25  2:48  Factory  
  26  2:56  Marine  
  26  2:58  SCV  
  29  3:08  Command Center  
  29  3:14  SCV  
  29  3:17  Bunker  
  29  3:21  Refinery  
  29  3:26  SCV  
  30  3:33  Starport, Factory Reactor  
  30  3:38  SCV, Supply Depot  
  31  3:59  SCV  
  32  4:11  Hellion x2, SCV, Medivac  
  36  4:28  Orbital Command  
  36  4:31  SCV  
  36  4:32  Hellion  
  36  4:37  Armory  
  38  4:43  SCV  
  39  4:45  Starport Tech Lab  
  39  4:49  Hellion  
  41  4:54  Hellion  
  41  4:55  SCV, Supply Depot  
  41  4:56  SCV  
  45  5:04  Cloaking Field  
  45  5:06  Banshee  
  48  5:07  SCV  
  48  5:10  SCV  
  48  5:13  Barracks Reactor  
  50  5:16  Barracks Tech Lab  
  50  5:19  Hellion, SCV  
  53  5:23  Hellion, SCV  
  53  5:28  Supply Depot  
  56  5:31  SCV  
  56  5:35  SCV  
  58  5:36  Marine  
  59  5:43  SCV  
  59  5:46  Hellion  
  59  5:47  SCV  
  57  5:50  Banshee  
  57  5:55  Hellion  
  57  5:56  SCV  
  63  5:57  Marine x2  
  63  5:59  SCV  
  63  6:00  Stimpack  
  66  6:06  Marine  
  66  6:08  SCV  
  66  6:11  SCV  
  69  6:14  Marine  
  69  6:15  Supply Depot  
  69  6:16  Engineering Bay  
  70  6:28  Hellion  
  70  6:30  Marine  
  70  6:31  SCV x2  
  70  6:32  Hellion  
  63  6:41  Marine x2  
  63  6:42  Command Center  
  63  6:43  SCV, Terran Infantry Weapons Level 1  
  66  6:48  Marine  
  67  6:56  Starport Reactor  
  67  6:58  Marine, Engineering Bay, Refinery  
  67  6:59  Marine  
  67  7:00  Refinery  
  69  7:01  SCV  
  69  7:06  Marine, Factory Reactor  
  72  7:11  Barracks  
  72  7:12  Barracks  
  72  7:13  SCV  
  72  7:16  Marine, Barracks  
  72  7:19  SCV  
  74  7:28  Terran Infantry Armor Level 1  
  74  7:30  SCV  
  74  7:32  Medivac  
  74  7:33  Marine  
  78  7:50  Terran Vehicle And Ship Armor Level 1, Supply Depot  
  78  7:51  Supply Depot x2  
  78  7:52  Marine x3, Medivac, SCV x2  
  78  7:56  Orbital Command, Widow Mine  
  87  7:59  Widow Mine  
  87  8:01  Barracks Reactor  
  87  8:04  Barracks Reactor  
  89  8:12  SCV, Supply Depot  
  90  8:13  Marine, Supply Depot  
  90  8:17  Marine  
  90  8:19  Medivac  
  91  8:22  Marine x2  
  91  8:24  Marine  
  91  8:26  SCV  
  95  8:27  SCV  
  95  8:28  Orbital Command  
  95  8:30  Marine  
  97  8:35  Medivac  
  97  8:37  Marine  
  97  8:42  Marine x4  
  97  8:49  Marine  
  97  8:53  Factory  
  97  8:55  SCV x2, Marine  
  101  8:59  Terran Infantry Weapons Level 2  
  101  9:02  Widow Mine  
  101  9:06  Widow Mine  
  101  9:08  Marine  
  105  9:12  Marine  
  105  9:14  Marauder, Marine  
  105  9:16  Marine  
  108  9:19  Medivac  
  108  9:22  Marine, Medivac  
  111  9:27  SCV, Missile Turret  
  111  9:28  SCV  
  111  9:29  Terran Infantry Armor Level 2  
  111  9:31  Widow Mine  
  109  9:35  Marauder  
  113  9:39  Barracks  
  113  9:40  Barracks  
  113  9:42  Missile Turret  
  113  9:47  Bunker  
  113  9:49  Marine, Supply Depot  
  113  9:51  Supply Depot  
  114  9:54  Combat Shields  
  114  9:57  Marauder  
  114  9:59  Marine  
  117  10:02  Marine, Supply Depot x2  
  117  10:05  Marine  
  119  10:08  Thor  
  119  10:12  Marine  
  119  10:13  Marine x4  
  130  10:17  Marine, Medivac  
  130  10:18  Marauder  
  135  10:24  Marine x2  
  137  10:29  Barracks Tech Lab, Supply Depot  
  137  10:30  Marine  
  137  10:31  Marine x2, Supply Depot  
  137  10:32  Barracks Tech Lab  
  140  10:36  Marine x2  
  140  10:37  Marine  
  140  10:40  Marauder  
  140  10:42  Marine x2  
  146  10:53  Marine x2, Missile Turret  
  146  10:54  Marine  
  145  11:02  Supply Depot  
  145  11:03  Thor, Supply Depot  
  150  11:05  Widow Mine, Supply Depot x2  
  150  11:07  Widow Mine  
  150  11:11  Marine  
  154  11:16  Marauder x2  
  159  11:19  Marine  
  159  11:20  Marauder, Marine  
  163  11:26  Marine x2  
  163  11:27  Marine  
  163  11:32  Marine x3  
  167  11:34  Widow Mine  
  167  11:37  Marine x2  
  167  11:38  Marine  
  174  11:40  Marine  
  174  11:43  Marine  
  174  11:44  Medivac x2  
  181  11:55  Marauder  
  181  11:56  Barracks Tech Lab  
  181  11:57  Marine  
  181  11:59  Marauder  
  181  12:00  Thor  
  189  12:02  Marine  
  190  12:10  Marine x4  
  190  12:12  Marine  
  197  12:15  Unknown  
  197  12:18  Marine  
  197  12:19  Barracks Tech Lab  
  197  12:22  Marine  
  197  12:34  Marine x2  
  196  12:37  Marauder x2  
  196  12:38  Marine  
  196  12:41  Marine  
  196  12:43  Marauder, Widow Mine x2  
  197  12:47  Marine  
  197  12:48  Widow Mine  
  182  12:58  Marauder, Marine  
  182  12:59  Marauder  
  182  13:00  Marine  
  182  13:01  Orbital Command  
  182  13:04  Marauder  
  175  13:10  Marine  
  174  13:20  Marauder x2  
  174  13:26  Marauder  
  179  13:29  Marine  
  179  13:33  Marine  
  165  13:34  Marine x4  
  165  13:38  Marine  
  165  13:41  Marine  
  117  13:42  Marauder  
  117  13:47  Marine x2  
  106  13:50  Marine  
  106  13:52  Marine x4  
  106  13:54  Medivac  
  93  13:57  Medivac  
  93  13:59  Marine  
  93  14:01  Marine  
  91  14:03  Marine  
  91  14:07  Widow Mine x2  
  90  14:10  Orbital Command, Widow Mine  
  92  14:24  Medivac  
  92  14:25  Unknown x2  
  92  14:26  Marauder  
  92  14:27  Marine, Medivac  
  99  14:32  Marauder  
  99  14:35  Widow Mine  
  103  14:39  Missile Turret  
  103  14:48  Marauder, Marine  
  103  14:52  Marine  
  89  14:53  Marauder, Marine  
  89  14:55  Widow Mine  
  96  15:01  Thor  
  96  15:02  Marine  
  96  15:04  Marine x2, Widow Mine  
  105  15:10  Marauder  
  107  15:14  Marine  
  107  15:15  Marauder, Marine  
  107  15:19  Barracks Tech Lab x2  
  107  15:20  Marine, Orbital Command  
  112  15:24  Medivac  
  112  15:25  Medivac  
  112  15:27  Marine  
  117  15:31  Marauder  
  117  15:34  Missile Turret  
  119  15:36  Marauder, Marine  
  119  15:41  Marine  
  119  15:42  Marauder  
  124  15:46  SCV  
  124  15:47  Marine  
  124  15:48  Marine  
  124  15:49  Unknown x2  
  124  15:51  Marine  
  124  15:55  Marauder  
  124  15:59  Marine  
  124  16:01  Marine  
  124  16:03  Marine  
  127  16:11  Marine  
  125  16:12  Marine  
  125  16:16  Marauder  
  118  16:35  Marine  
  118  16:36  Marine  
  118  16:38  Marine x2  
  117  16:41  Marine  
  117  16:42  Marine  
  117  17:07  Marine x3  
  116  17:09  Supply Depot x2  
  116  17:10  Marine, Medivac  
  116  17:13  Marine  
  116  17:14  Marine  
  114  17:18  Widow Mine  
  112  17:26  Marine  
  94  17:30  Marine  
  94  17:31  Marauder  
  94  17:32  Marine  
  94  17:33  Marine  
  93  17:43  Marine  
Show
View Real Time Build Order
Export as new Build Order

SortOf Zerg - Winner!

Build Orders: Hatch First, Muta Ling Bane 

Get SALT Encoding   

  12  0:00  Drone  
  13  0:13  Overlord  
  13  0:17  Drone  
  14  0:32  Drone x2  
  16  0:38  Drone  
  17  0:53  Hatchery  
  17  0:55  Drone  
  17  0:58  Drone  
  18  1:08  Extractor  
  17  1:14  Spawning Pool  
  17  1:16  Drone  
  17  1:20  Drone  
  18  1:29  Drone  
  19  1:41  Overlord  
  19  2:04  Queen  
  19  2:05  Zergling x6  
  19  2:08  Spine Crawler  
  22  2:18  Zergling x4  
  23  2:26  Overlord  
  22  2:33  Zergling x2  
  22  2:35  Zergling x2  
  21  2:38  Zergling x2  
  21  2:45  Drone  
  21  2:51  Metabolic Boost  
  22  2:55  Drone  
  22  2:58  Drone  
  24  3:02  Drone  
  25  3:07  Drone  
  26  3:14  Drone  
  26  3:17  Queen  
  29  3:23  Drone  
  29  3:24  Drone  
  31  3:29  Drone x2  
  33  3:35  Drone  
  33  3:36  Drone  
  36  3:41  Drone x2  
  37  3:49  Drone x2  
  39  4:01  Hatchery  
  38  4:05  Overlord  
  38  4:07  Drone x3  
  41  4:10  Drone  
  41  4:13  Overlord  
  41  4:21  Overlord  
  39  4:26  Queen  
  39  4:28  Drone  
  41  4:32  Drone x2  
  41  4:34  Drone x2  
  44  4:41  Zergling x4  
  44  4:44  Queen  
  48  4:49  Drone  
  48  4:51  Extractor  
  48  4:54  Drone  
  49  5:01  Overlord  
  49  5:02  Lair  
  49  5:05  Zergling x4  
  49  5:06  Overlord x2  
  51  5:07  Drone x2  
  51  5:12  Drone  
  54  5:17  Zergling x4  
  54  5:20  Queen  
  54  5:21  Queen  
  57  5:27  Drone x2  
  61  5:31  Drone  
  61  5:34  Drone x2  
  64  5:43  Zergling x10  
  64  5:44  Zergling x4  
  64  5:46  Zergling x2  
  68  5:55  Queen  
  68  5:56  Queen  
  69  5:58  Drone x4  
  75  6:04  Baneling Nest  
  75  6:05  Extractor, Queen  
  75  6:09  Drone x2  
  77  6:12  Overseer, Overlord  
  77  6:14  Drone  
  77  6:16  Spore Crawler  
  77  6:20  Overseer  
  77  6:21  Spore Crawler  
  77  6:25  Drone x3  
  79  6:32  Drone x2  
  75  6:36  Drone x4  
  75  6:38  Drone x2  
  75  6:39  Drone  
  78  6:40  Spore Crawler  
  78  6:41  Drone x2  
  78  6:43  Extractor  
  78  6:48  Spire  
  78  6:50  Drone x2  
  78  6:54  Extractor x2, Drone  
  78  6:55  Drone  
  78  7:00  Zergling x4  
  81  7:04  Zergling x4  
  83  7:10  Queen  
  83  7:12  Zergling x12  
  91  7:16  Centrifical Hooks  
  91  7:18  Evolution Chamber  
  91  7:19  Evolution Chamber  
  91  7:21  Baneling  
  91  7:22  Baneling  
  89  7:23  Baneling x2  
  89  7:27  Drone x6  
  92  7:31  Drone  
  92  7:32  Drone x2  
  95  7:40  Drone  
  95  7:41  Drone  
  93  7:46  Zerg Ground Armor Level 1, Zerg Melee Weapons Level 1  
  93  7:47  Drone  
  94  7:54  Overlord  
  93  8:00  Hatchery  
  93  8:01  Zergling x8  
  93  8:03  Overseer  
  93  8:05  Overlord  
  96  8:07  Pneumatized Carapace  
  96  8:09  Zerg Flyer Weapons Level 1  
  96  8:14  Hatchery  
  95  8:21  Overlord  
  95  8:22  Mutalisk x4  
  103  8:30  Drone x3  
  103  8:32  Overlord  
  103  8:33  Overlord  
  106  8:35  Zergling x8  
  107  8:46  Zergling x10  
  107  8:47  Baneling  
  107  8:48  Baneling x4  
  112  8:56  Mutalisk x2  
  116  9:03  Zergling x12  
  116  9:06  Hatchery  
  116  9:09  Extractor  
  118  9:16  Drone x3  
  118  9:17  Drone  
  117  9:22  Mutalisk x5  
  117  9:23  Mutalisk  
  129  9:27  Zergling x2  
  129  9:28  Zergling x6  
  133  9:32  Overlord  
  133  9:33  Zergling x2  
  133  9:34  Zergling x2, Overlord  
  135  9:38  Burrow  
  135  9:43  Overlord  
  135  9:44  Overlord  
  135  9:47  Mutalisk x3  
  141  9:58  Zergling x20  
  141  9:59  Zergling x2  
  152  10:08  Baneling x4  
  152  10:09  Baneling x5  
  152  10:10  Baneling x3  
  152  10:11  Zergling x12  
  158  10:17  Zerg Melee Weapons Level 2  
  158  10:20  Drone x4  
  162  10:22  Drone x2  
  162  10:23  Drone  
  162  10:26  Overlord  
  165  10:28  Zerg Ground Armor Level 2  
  165  10:33  Zergling x8  
  169  10:39  Zergling x2  
  169  10:40  Zergling x12  
  169  10:42  Overlord  
  174  10:49  Overlord  
  166  10:57  Mutalisk x5  
  174  11:10  Zergling x2  
  174  11:11  Zergling x30  
  185  11:17  Baneling x3  
  185  11:18  Baneling x5  
  190  11:22  Baneling  
  190  11:23  Baneling x8  
  190  11:40  Zergling x2  
  190  11:41  Zergling x18  
  190  11:43  Baneling x3  
  190  11:44  Baneling x11  
  200  11:56  Infestation Pit  
  200  11:59  Zerg Flyer Weapons Level 2  
  199  12:06  Overlord  
  199  12:11  Overlord  
  199  12:14  Baneling  
  199  12:15  Baneling x9  
  189  12:49  Baneling x16  
  186  12:51  Zergling x10  
  186  12:52  Zergling x16  
  159  13:06  Zergling x12  
  159  13:07  Zergling x54  
  159  13:11  Baneling  
  159  13:12  Baneling x22  
  186  13:19  Zergling x12  
  173  13:23  Baneling x9  
  163  13:29  Baneling x2  
  163  13:30  Zergling x4  
  152  13:37  Zergling x2  
  121  13:53  Mutalisk  
  121  13:54  Mutalisk x4  
  121  13:55  Zergling x10  
  122  13:56  Zergling x6  
  122  14:03  Zergling x18  
  126  14:12  Hatchery  
  126  14:15  Mutalisk x3  
  131  14:18  Hatchery  
  130  14:29  Zergling x30  
  145  14:43  Zergling x2  
  145  14:44  Baneling x2  
  147  14:45  Zergling x4  
  147  14:46  Zergling x12  
  147  14:55  Zergling x6  
  147  14:56  Zergling x4  
  152  15:02  Baneling x6  
  152  15:03  Baneling x11  
  152  15:06  Zergling x8  
  156  15:13  Mutalisk x2  
  160  15:17  Baneling  
  160  15:18  Baneling x3  
  160  15:27  Zergling x2  
  160  15:28  Zergling x18  
  170  15:31  Overlord  
  169  15:43  Overlord  
  169  15:47  Baneling x14  
  169  15:48  Baneling x7  
  169  15:53  Zergling x4  
  169  15:54  Zergling x4  
  158  16:22  Zergling x26  
  158  16:23  Zergling x10  
  165  16:45  Mutalisk x6  
  165  16:46  Mutalisk x4  
  185  16:49  Drone x3  
  185  16:50  Drone x2  
  190  16:55  Baneling x6  
  190  17:00  Zergling x2  
  190  17:01  Zergling x6  
  194  17:04  Baneling x4  
  193  17:10  Zergling x8  
  193  17:26  Zergling x12  
  199  17:33  Baneling x6  
  199  17:34  Baneling x7  
  193  17:47  Baneling x4  
  193  17:48  Baneling x9  
Tags
 
Add a new tag
Caveats
  • Supply blocks, unpowered buildings, or Contaminate may cause inaccurate times.
  • Supply counts are checked every 10 seconds.